 Dungeon Crawl Stone Soup version 0.28.0-47-ge53b351184 (webtiles) character file.

Game seed: 2877063330533846547

1489 bobregger the Basher (level 8, -5/117 HPs)
             Began as an Ogre Berserker on May 4, 2022.
             Was a Priest of Trog.
             Slain by an eight-headed hydra (12 damage)
             ... on level 7 of the Dungeon.
             The game lasted 00:12:51 (8531 turns).

bobregger the Basher (Ogre Berserker)               Turns: 8531, Time: 00:12:51

Health: -5/117     AC:  5    Str: 22    XL:     8   Next: 80%
Magic:  8/8        EV: 10    Int:  8    God:    Trog [***...]
Gold:   316        SH:  0    Dex: 10    Spells: 7/7 levels left

rFire   . . .      SeeInvis .   a - +0 mace
rCold   + . .      Faith    .   (no shield)
rNeg    . . .      Spirit   .   b - +0 animal skin
rPois   .          Reflect  .   (helmet restricted)
rElec   .          Harm     .   r - +1 cloak {rCorr}
rCorr   +          Rampage  .   (gloves unavailable)
Will    .....                   (boots unavailable)
Stlth   ..........              (no amulet)
HPRegen 0.29/turn               e - ring of protection from cold
MPRegen 0.11/turn               (no ring)

@: berserking, very quick
A: large, unfitting armour, tough skin 1
a: Renounce Religion, Berserk, Trog's Hand


You were on level 7 of the Dungeon.
You worshipped Trog.
Trog was most pleased with you.
You visited 1 branch of the dungeon, and saw 7 of its levels.
You also visited: Sewer.

You collected 316 gold pieces.

Inventory:

Hand Weapons
 a - a +0 mace (weapon)
 j - a +0 giant spiked club
Missiles
 c - a throwing net (quivered)
Armour
 b - a +0 animal skin (worn)
 r - a +1 cloak of preservation (worn)
Jewellery
 d - a ring of protection from cold
 e - a ring of protection from cold (left hand)
 m - an amulet of the acrobat
Wands
 h - a wand of flame (23)
Scrolls
 f - a scroll of magic mapping
 l - 3 scrolls of teleportation
 n - a scroll of amnesia {unknown}
 o - a scroll of vulnerability
 q - 2 scrolls of identify
 s - a scroll of enchant armour {unknown}
Potions
 i - 7 potions of curing
 k - 4 potions of flight
 p - a potion of ambrosia


   Skills:
 - Level 4.0 Fighting
 + Level 10.2 Maces & Flails
 - Level 2.6 Dodging


You had 7 spell levels left.
You didn't know any spells.
Your spell library was empty.

Dungeon Overview and Level Annotations

Branches:
Dungeon (7/15)              Sewer (visited)
 Temple: D:4-7

Altars:

Shops:
D:3 (   D:5 ?

Annotations:
D:7 Joseph


Innate Abilities, Weirdness & Mutations

You are too large for most types of armour.
You have tough skin. (AC +1)


Message History

The eight-headed hydra bites your kobold!
Your kobold dies!
Your kobold's corpse dissolves into shadows!
Your bullfrog skeleton hits Joseph.
Your kobold throws a stone.
The stone closely misses Joseph.
Your ice beast hits Joseph but does no damage.
Joseph unwields a +0 quarterstaff.
Joseph wields a +0 hunting sling.
Joseph shoots a sling bullet.
The sling bullet hits your ice beast!
Your bullfrog skeleton hits Joseph!
Your kobold hits Joseph but does no damage.
Your kobold throws a stone.
The stone hits the eight-headed hydra.
Your kobold barely misses Joseph.
You swap places.
Joseph unwields a +0 hunting sling.
Joseph wields a +0 quarterstaff.
Joseph hits your kobold with a +0 quarterstaff!
Your kobold dies!
Your kobold's corpse dissolves into shadows!
The eight-headed hydra barely misses you. x2
The eight-headed hydra misses you. The eight-headed hydra bites you!
The eight-headed hydra bites you. x2; The eight-headed hydra bites you! x2
Your kobold throws a stone.
The stone barely misses the eight-headed hydra.
The stone hits Joseph.
Joseph shouts!
A red film seems to cover your vision as you go berserk!
You feel yourself moving faster!
You feel mighty!
You hear a shout!
Your kobold misses Joseph.
The eight-headed hydra bites you but does no damage.
The eight-headed hydra bites you!
* * * LOW HITPOINT WARNING * * *
The eight-headed hydra bites you.
* * * LOW HITPOINT WARNING * * *
The eight-headed hydra bites you but does no damage.
The eight-headed hydra bites you.
* * * LOW HITPOINT WARNING * * *
The eight-headed hydra bites you!
* * * LOW HITPOINT WARNING * * *
The eight-headed hydra bites you!
You die...

#...# ..<..
##...##.....
#...........
#.......... .
#........ ..
#......###...
#..K..!......
.##.D@Z...#
#....@YK...#
.....KKK..<.#
..................
...............###
...............#
#..............#
#.#.........##.#
#.........# .#


You could see an eight-headed hydra, Joseph (ally target), a friendly ice beast
(summoned), a friendly kobold brigand (summoned), 4 friendly kobolds and a
friendly bullfrog skeleton (summoned).

Vanquished Creatures
  An ice beast (D:6)
  A necrophage (D:5)
  3 ogres
  2 scorpions (D:6)
  A howler monkey (D:4)
  A bullfrog zombie (D:6)
  A gnoll shaman (D:5)
  A jelly (D:5)
  An orc priest (D:4)
  5 hounds
  Crazy Yiuf (D:4)
  Jessica (D:2)
  3 iguanas
  A merfolk siren (Sewer)
  2 orc wizards (D:3)
  A merfolk avatar (Sewer)
  A killer bee zombie (D:5)
  3 hound skeletons
  Robin (D:3)
  8 gnolls
  9 adders
  2 river rats (Sewer)
  An ufetubus (D:4)
  An adder skeleton (D:5)
  5 worms
  4 dart slugs
  8 orcs
  5 ball pythons
  8 endoplasms
  9 giant cockroaches
  14 goblins
  7 hobgoblins
  4 jackals (D:1)
  9 kobolds
  6 quokkas
  6 bats
  7 frilled lizards
  24 rats
168 creatures vanquished.

Notes
Turn   | Place    | Note
-------+----------+-------------------------------------------
     0 | D:1      | bobregger the Ogre Berserker began the quest for the Orb.
     0 | D:1      | Reached XP level 1. HP: 24/24 MP: 1/1
    75 | D:1      | Reached skill level 3 in Maces & Flails
   103 | D:1      | Found a faded altar of an unknown god.
   110 | D:1      | Reached XP level 2. HP: 32/32 MP: 2/2
   336 | D:1      | Reached XP level 3. HP: 35/39 MP: 3/3
   368 | D:1      | Reached ** piety under Trog
   626 | D:1      | Reached skill level 4 in Maces & Flails
  1366 | D:2      | Reached XP level 4. HP: 30/48 MP: 4/4
  1933 | D:2      | Noticed Jessica
  1941 | D:2      | Killed Jessica
  2319 | D:3      | Reached skill level 5 in Maces & Flails
  2407 | D:3      | Reached XP level 5. HP: 39/54 MP: 5/5
  2407 | D:3      | Found a glowing drain.
  2416 | Sewer    | Entered a sewer
  2677 | Sewer    | Reached *** piety under Trog
  2913 | Sewer    | Noticed a malarious merfolk avatar
  2963 | Sewer    | Killed a malarious merfolk avatar
  2964 | Sewer    | Reached XP level 6. HP: 62/62 MP: 6/6
  3043 | D:3      | Reached skill level 6 in Maces & Flails
  3748 | D:3      | Noticed Robin
  3762 | D:3      | Killed Robin
  4100 | D:3      | Found Hosaheel's Antique Weapon Shoppe.
  4527 | D:4      | Reached skill level 7 in Maces & Flails
  4527 | D:4      | Reached XP level 7. HP: 53/70 MP: 7/7
  5222 | D:4      | Found a runed translucent door.
  5223 | D:4      | Noticed Crazy Yiuf
  5309 | D:4      | Killed Crazy Yiuf
  5396 | D:5      | Entered Level 5 of the Dungeon
  5533 | D:5      | Reached skill level 8 in Maces & Flails
  6178 | D:5      | Reached **** piety under Trog
  6248 | D:5      | Reached XP level 8. HP: 40/78 MP: 8/8
  6896 | D:5      | Found Dunyqeno's Magic Scroll Boutique.
  7261 | D:5      | Reached skill level 9 in Maces & Flails
  8097 | D:6      | Reached skill level 10 in Maces & Flails
  8523 | D:7      | Noticed Joseph
  8525 | D:7      | Noticed an eight-headed hydra
  8531 | D:7      | Slain by an eight-headed hydra

Illustrated notes

Levels and vault maps discovered:
D:1:      nicolae_arrival_somewhat_less_tricky_arrival, layout_loops_cross,
          hellmonk_ecumenical_altar_pennies_from_heaven
D:2:      layout_basic, uniq_jessica
D:3:      layout_basic, portal_sewer_entry_d, serial_shops,
          nicolae_shop_hallway_stairs, uniq_robin
D:4:      layout_loops_ring, kennysheep_generic_room_11, uniq_crazy_yiuf_cottage
D:5:      layout_loops_ring, serial_shops, nicolae_shop_statue_plus, st_stairs_7
D:6:      layout_basic, kennysheep_cross_bottleneck
D:7:      layout_basic, minmay_temple_entry_proselytizer,
          gammafunk_ghost_berserking_beasts, enter_ossuary_3, uniq_menkaure,
          uniq_maggie, uniq_joseph

Skill      XL: |  1  2  3  4  5  6  7  8 |
---------------+-------------------------+-----
Maces & Flails | 3 4 5 7 8 10 | 10.2
Fighting       | |  4.0
Dodging        | |  2.6

Action                   |  1- 3 |  4- 6 |  7- 9 || total
-------------------------+-------+-------+-------++-------
Melee: Mace              |   123 |   323 |   233 ||   679
       Punch             |     1 |     3 |     1 ||     5
Invok: Trog's Hand       |       |     3 |       ||     3
       Berserk           |       |     3 |     6 ||     9
Evoke: Wand              |       |       |     1 ||     1
  Use: Potion            |       |     2 |       ||     2
       Scroll            |       |       |     7 ||     7
 Stab: Sleeping          |     1 |       |       ||     1
       Confused          |       |     1 |       ||     1
Armor: Animal skin       |    73 |    98 |    50 ||   221
Dodge: Dodged            |   101 |   177 |   127 ||   405
       Repelled          |     4 |       |       ||     4
